 Dungeon Crawl Stone Soup version 0.29-a0-717-g6dac4ea423 (webtiles) character file.

Game seed: 493595671488866738

39 HoaS the Shooter (level 3, 0/20 HPs)
             Began as a Deep Elf Hunter on June 26, 2022.
             Slain by an orc
             ... wielding a +0 hand axe
              (5 damage)
             ... on level 2 of the Dungeon.
             The game lasted 00:01:29 (996 turns).

HoaS the Shooter (Deep Elf Hunter)                   Turns: 996, Time: 00:01:29

Health: 0/20       AC:  3    Str:  8    XL:     3   Next: 28%
Magic:  5/5        EV: 12    Int: 13    God:
Gold:   67         SH:  0    Dex: 20    Spells: 2/2 levels left

rFire   . . .      SeeInvis .   a - +0 shortbow
rCold   . . .      Faith    .   (shield currently unavailable)
rNeg    . . .      Spirit   .   c - +0 leather armour
rPois   .          Reflect  .   (no helmet)
rElec   .          Harm     .   (no cloak)
rCorr   .          Rampage  .   (no gloves)
Will    .....                   (no boots)
Stlth   ++........              (no amulet)
HPRegen 0.06/turn               (no ring)
MPRegen 0.09/turn               (no ring)

@: no status effects
A: no striking features
a: no special abilities


You were on level 2 of the Dungeon.
You visited 1 branch of the dungeon, and saw 2 of its levels.

You collected 67 gold pieces.

Inventory:

Hand Weapons
 a - a +0 shortbow (weapon)
Armour
 c - a +0 leather armour (worn)
Scrolls
 b - 2 scrolls of immolation
 f - a scroll of amnesia {unknown}
 h - 2 scrolls of identify
Potions
 d - a potion of brilliance {unknown}
 e - 2 potions of curing
 g - a potion of heal wounds


   Skills:
 - Level 1.5 Fighting
 + Level 6.9 Ranged Weapons
 - Level 2.4 Dodging
 - Level 1.2 Stealth


You had 2 spell levels left.
You didn't know any spells.
Your spell library was empty.

Dungeon Overview and Level Annotations

Branches:
Dungeon (2/15)

Altars:


Message History

The bat closely misses you.
You shoot an arrow. The arrow hits the bat!
You kill the bat!
No target in view!
A quokka comes into view.
Found 4 stones.
A quokka is nearby!
You shoot an arrow. The arrow closely misses the quokka.
You hear an angry hiss.
You shoot an arrow.
The arrow hits the quokka but does no damage.
A ball python comes into view.
A goblin comes into view. It is wielding a +0 dagger.
An orc comes into view. It is wielding a +0 hand axe.
You shoot an arrow. The ball python hisses angrily.
The arrow hits the ball python!
You kill the ball python!
The goblin unwields a +0 dagger.
The goblin wields a +0 sling.
The goblin shoots a sling bullet.
The sling bullet barely misses you.
You shoot an arrow. The arrow hits the quokka!
You kill the quokka!
You shoot an arrow. The arrow barely misses the orc.
You shoot an arrow. The arrow barely misses the orc.
The orc hits you with a +0 hand axe.
The goblin unwields a +0 sling.
The goblin wields a +0 dagger.
The goblin hits you with a +0 dagger. The orc hits you with a +0 hand axe.
You are too injured to fight recklessly!
You are too injured to fight recklessly!
You are too injured to fight recklessly!
You are too injured to fight recklessly!
Fire: a) +0 shortbow
Press: ? - help, Q - select action Shift-Dir - straight line, f/p - orc
Aim: an orc, wielding a +0 hand axe and wearing a +0 leather armour (65% to hit)
You shoot an arrow. The arrow hits the orc.
The orc is almost dead.
The goblin hits you with a +0 dagger.
* * * LOW HITPOINT WARNING * * *
The orc hits you with a +0 hand axe.
You die...

######### #.##.,**,**,,,* #
#########...,,*,*...,,* #
#.........#***,**..#,**
#####.........#,,,*,..#*,*
..............#,,,*..#**,*
.....###......#,,,#..,**,*
.....###......####.#*,,*,**
.....##........†.o#,*,,,,,**
#+#####.......#.@g#*,**,,,,*
#..PP##......)#.#...#,*,,,,*
..P...........#>#(..#*,**,,*
..............#.#...).*,*,,*
#.P..#.#......#.#.##..#**,,*
#.####........#.#.#*#...,,,*
#.# ###......#.#.# *.##,*,*
#.# #......#.#.# *,.,,,,*
#.#############,*,* ****,***


You could see an orc and a goblin.

Vanquished Creatures
  An adder zombie (D:2)
  A worm (D:2)
  A dart slug (D:1)
  3 bats
  A bat skeleton (D:2)
  2 endoplasms (D:1)
  2 giant cockroaches (D:2)
  A goblin (D:2)
  3 hobgoblins (D:1)
  4 kobolds
  2 quokkas
  4 ball pythons
  3 frilled lizards
  2 rats (D:1)
30 creatures vanquished.

Notes
Turn   | Place    | Note
-------+----------+-------------------------------------------
     0 | D:1      | HoaS the Deep Elf Hunter began the quest for the Orb.
     0 | D:1      | Reached XP level 1. HP: 12/12 MP: 3/3
   174 | D:1      | Reached XP level 2. HP: 16/16 MP: 4/4
   182 | D:1      | Reached skill level 6 in Ranged Weapons
   415 | D:1      | Found a faded altar of an unknown god.
   926 | D:2      | Reached XP level 3. HP: 20/20 MP: 5/5
   996 | D:2      | Slain by an orc

Illustrated notes

Levels and vault maps discovered:
D:1:      dpeg_arrival_simpleton_c, layout_loops_ring,
          shapermc_ecumenical_altar_notcrosses, nrook_campfire
D:2:      kennysheep_six_static_rooms, layout_basic, serial_undead,
          serial_undead_a, serial_undead_c, serial_undead_b, serial_undead_b,
          roderic_lattice_a, minmay_vboxes

Skill      XL: |  1  2 |
---------------+-------+-----
Ranged Weapons | 6 |  6.9
Fighting       | |  1.5
Dodging        | |  2.4
Stealth        | |  1.2

Action                   || total
-------------------------++-------
 Fire: Shortbow          ||    61
  Use: Scroll            ||     4
Armor: Leather armour    ||     3
Dodge: Dodged            ||     3

Table legend: (Time is in decaauts)
 A = Elapsed time spent in this place.
 B = Non-inter-level travel time spent in this place.
 C = Inter-level travel time spent in this place.
 D = Time resting spent in this place.
 E = Time spent auto-exploring this place.
 F = Levels seen in this place.
 G = Mean time per level.
                   A        B        C        D        E       F      G
               +--------+--------+--------+--------+--------+-----+--------+
         Total |   1009 |    980 |     29 |     62 |    794 |   2 |  504.5 |
       Dungeon |   1009 |    980 |     29 |     62 |    794 |   2 |  504.5 |
               +--------+--------+--------+--------+--------+-----+--------+

Top non-repeatable levels by time:
     D:1: 692 daAuts
     D:2: 316 daAuts
